 Dungeon Crawl Stone Soup version 0.28.0 (webtiles) character file.

Game seed: 6899527735443803339

3592 Colgate the Magus (level 9, -2/57 HPs)
             Began as a Vampire Fire Elementalist on Feb 10, 2022.
             Was an Elder of Nemelex Xobeh.
             Slain by a six-headed hydra (8 damage)
             ... on level 7 of the Dungeon.
             The game lasted 01:14:24 (11435 turns).

Colgate the Magus (Vampire Fire Elementalist)      Turns: 11435, Time: 01:14:24

Health: -2/57      AC:  6    Str:  9    XL:     9   Next: 85%
Magic:  14/24      EV: 12    Int: 19    God:    Nemelex Xobeh [****..]
Gold:   303        SH:  0    Dex: 15    Spells: 6/16 levels left

rFire   + . .      SeeInvis +   w - +11 mace of an ice cave {drain, rElec}
rCold   x . .      Faith    +   (no shield)
rNeg    . . .      Spirit   .   E - +0 steam dragon scales
rPois   .          Reflect  .   d - +0 helmet
rElec   +          Harm     .   (no cloak)
rCorr   .          Rampage  .   (no gloves)
Will    .....                   (no boots)
Stlth   ++........              p - amulet of faith
HPRegen 0.39/turn               r - ring of fire
MPRegen 0.19/turn               t - ring of magical power

@: healing quickly
A: alive, fangs 3, see invisible, vampiric 2
a: Exsanguinate, Renounce Religion, Draw Escape, Draw Destruction, Draw
Summoning, Triple Draw, Deal Four


You were on level 7 of the Dungeon.
You worshipped Nemelex Xobeh.
Nemelex Xobeh was greatly pleased with you.
You visited 2 branches of the dungeon, and saw 8 of its levels.

You collected 303 gold pieces.

Inventory:

Hand Weapons
 w - the +11 mace of an ice cave (weapon) {drain, rElec}
   (You found it on level 6 of the Dungeon)

   A truly terrible weapon, it drains the life of any living foe it strikes.
   rElec:     It insulates you from electricity.
Missiles
 b - 4 poisoned darts
 n - 99 stones
 x - a throwing net
 F - 2 atropa-tipped darts
Armour
 d - a +0 helmet (worn)
 q - the +2 scale mail of the Marlin {rF++ rC+ rN+ Int+4}
   (You found it on level 3 of the Dungeon)

   Int:       It affects your intelligence (+4).
   rF:        It greatly protects you from fire.
   rC:        It protects you from cold.
   rN:        It protects you from negative energy.
 u - a +2 robe of willpower
 E - +0 steam dragon scales (worn)
Magical Staves
 D - a staff of cold
Jewellery
 p - an amulet of faith (around neck)
 r - a ring of fire (left hand)
 t - a ring of magical power (right hand)
 B - a ring of protection from fire
 C - the ring of Taklam {Fly rPois Str+3 Int-2}
   (You found it on level 7 of the Dungeon)

   [ring of flight]

   Str:       It affects your strength (+3).
   Int:       It affects your intelligence (-2).
   rPois:     It protects you from poison.
   Fly:       It grants you flight.
Wands
 a - a wand of flame (18)
 h - a wand of iceblast (13)
 G - a wand of mindburst (22)
Scrolls
 e - a scroll of fog {unknown}
 f - a scroll of holy word {unknown}
 g - a scroll of vulnerability {unknown}
 s - a scroll of teleportation {unknown}
 v - a scroll of brand weapon
 y - a scroll of enchant armour {unknown}
 A - a scroll of silence {unknown}
 H - a scroll of fear {unknown}
Potions
 c - a potion of heal wounds {unknown}
 i - 2 potions of berserk rage
 j - 2 potions of mutation
 k - 5 potions of curing
 l - a potion of might
 m - a potion of cancellation {unknown}
 o - 2 potions of attraction
 z - a potion of lignification {unknown}


   Skills:
 - Level 2.1 Dodging
 - Level 3.0 Stealth
 - Level 4.1 Spellcasting
 + Level 5.4 Conjurations
 - Level 7.1 Fire Magic
 - Level 7.4 Invocations


You had 6 spell levels left.
You knew the following spells:

 Your Spells              Type           Power      Damage    Failure   Level
a - Foxfire               Conj/Fire      100%       2x1d9     1%          1
b - Scorch                Fire           92%        2d10      1%          2
c - Conjure Flame         Conj/Fire      42%        6-21      3%          3
d - Flame Wave            Conj/Fire      42%        2d9       10%         4

Your spell library contained the following spells:

 Spells                   Type           Power      Damage    Failure   Level
 Magic Dart               Conj           96%        1d7       1%          1
 Inner Flame              Hex/Fire       26%        N/A       10%         3
 Stone Arrow              Conj/Erth      28%        3d8       13%         3
 Animate Skeleton         Necr           6%         N/A       14%         1
 Apportation              Tloc           6%         N/A       14%         1
 Pain                     Necr           12%        1d4       14%         1
 Summon Small Mammal      Summ           12%        N/A       14%         1
 Mephitic Cloud           Conj/Pois/Air  10%        N/A       19%         3
 Call Imp                 Summ           3%         N/A       21%         2
 Animate Armour           Summ/Erth      6%         N/A       80%         4
 Passage of Golubria      Tloc           3%         N/A       80%         4
 Starburst                Conj/Fire      21%        6d7       83%         6
 Agony                    Necr           3%         N/A       98%         5
 Excruciating Wounds      Necr           1%         N/A       98%         5
 Silence                  Hex/Air        1%         N/A       98%         5
 Orb of Destruction       Conj           12%        9d7       100%        7
 Lehudib's Crystal Spear  Conj/Erth      7%         10d3      100%        8


Dungeon Overview and Level Annotations

Branches:
Dungeon (7/15)             Temple (1/1) D:6

Altars:
Ashenzari
Dithmenos
Elyvilon
Fedhas
Gozag
Kikubaaqudgha
Nemelex Xobeh
Qazlal
Ru
Sif Muna
Trog
Uskayaw
Vehumet
Wu Jian
Xom
Yredelemnul
Zin
The Shining One

Shops:
D:1 =   D:3 :

Annotations:
D:7 2 transporters, P0WERM0DE's ghost, novice DsCK


Innate Abilities, Weirdness & Mutations

Your natural rate of healing is accelerated.
You have razor-sharp teeth.
You have supernaturally acute eyesight. (SInv)
You are afflicted with vampirism and can become a bat while bloodless.


Message History

The bullfrog is lightly wounded.
The flame wave engulfs the sky beast!
The sky beast is moderately wounded.
You are engulfed in blazing flames.
You resist.
You hear a shout!
The sky beast flickers out of sight for a moment.
The bullfrog hits you but does no damage.
The forest fire spreads!
You are engulfed in blazing flames.
You resist.
A hound comes into view.
Really walk into that cloud of spreading flames?
You are engulfed in a forest fire.
You resist.
The bullfrog is engulfed in blazing flames. x2
You kill the bullfrog!
Really walk into that cloud of flame?
You are engulfed in blazing flames.
You resist.
The six-headed hydra is engulfed in blazing flames.
Really walk into that cloud of spreading flames?
You are engulfed in a forest fire.
You resist.
The six-headed hydra is engulfed in blazing flames.
The six-headed hydra is engulfed in a forest fire.
The hound barely misses you.
Casting: Flame Wave (dangerous; 10% risk of failure)
Confirm with . or Enter, or press ? or * to list all spells.
Casting: Flame Wave (dangerous; 10% risk of failure)
Press: ? - help, Dir - look around, f - activate You feel a surge of power!
A wave of flame ripples out!
The tree burns like a torch!
The flame wave engulfs the six-headed hydra!
The six-headed hydra is severely wounded.
The flame wave engulfs the hound!
You kill the hound! (Press . to intensify the flame waves.)
The six-headed hydra is engulfed in a forest fire.
The six-headed hydra bites you!
* * * LOW HITPOINT WARNING * * *
The six-headed hydra bites you but does no damage.
The six-headed hydra bites you!
You die...
Your body disappears without a glow.

# # # ♣ ♣♣ # .♣. #
♣.♣ # ##♣.♣ #
#§§.♣♣ # #§@§.♣# #
#.D§§§# # #.§§§§#
# #.§§§§# # #
##Y§§## ♣ #
#.#..>z.#♣♣♣.♣#)≈≈
#
#.'..8..†...Dz..S≈
#
#.#(†<..#♣.♣♣♣#)≈≈
# #.##.'.##♣..♣


You could see a six-headed hydra, a sky beast (invisible) and a wight.

Vanquished Creatures
  A komodo dragon (D:7)
  A hornet (D:3)
  Sigmund (D:5)
  A wyvern (D:7)
  A steam dragon (D:7)
  A water moccasin (D:7)
  2 black bears
  A sky beast (D:6)
  2 necrophages
  2 phantoms
  3 centaurs
  A kobold brigand (D:6)
  3 bullfrogs (D:7)
  A wyvern skeleton (D:5)
  5 killer bees (D:6)
  A centaur zombie (D:7)
  A wyvern simulacrum (D:7)
  2 bullfrog zombies
  2 jellies
  A bullfrog skeleton (D:6)
  8 hounds
  A gnoll shaman (D:5)
  2 orc priests
  2 centaur skeletons (D:7)
  5 iguanas
  3 orc wizards
  A killer bee zombie (D:7)
  5 adders
  14 gnolls
  A shadow imp (D:7)
  An adder skeleton (D:4)
  5 dart slugs
  13 orcs
  9 ball pythons
  8 endoplasms
  2 giant cockroaches
  10 hobgoblins
  5 jackals
  3 quokkas
  7 bats
  3 frilled lizards (D:1)
  2 goblins
  8 kobolds
  13 rats
164 creatures vanquished.

Vanquished Creatures (collateral kills)
  Eustachio (D:5)
  A jackal (D:1)
2 creatures vanquished.

Vanquished Creatures (others)
  647 foxfires
  11 plants (D:7)
658 creatures vanquished.

Grand Total: 824 creatures vanquished

Notes
Turn   | Place    | Note
-------+----------+-------------------------------------------
     0 | D:1      | Colgate the Vampire Fire Elementalist began the quest for
                  | the Orb.
     0 | D:1      | Reached XP level 1. HP: 13/13 MP: 3/3
    89 | D:1      | Reached skill level 1 in Conjurations
   232 | D:1      | Found Piffaq Ecsic's One-of-a-Kind Rings.
   338 | D:1      | Found a faded altar of an unknown god.
   368 | D:1      | Prayed at the altar of an unknown god.
   368 | D:1      | Became a worshipper of Nemelex Xobeh the Trickster
   368 | D:1      | Reached * piety under Nemelex Xobeh
   409 | D:1      | Received a gift from Nemelex Xobeh
   448 | D:1      | Reached XP level 2. HP: 19/19 MP: 1/5
   451 | D:1      | Learned a level 2 spell: Scorch
  1502 | D:1      | Gained mutation: You are afflicted with vampirism and can
                  | become a bat while bloodless. [Vampire growth]
  1502 | D:1      | Reached XP level 3. HP: 24/24 MP: 0/6
  1931 | D:2      | Got Ereshkigal's Collected Works on Conjuration
  2750 | D:3      | Reached ** piety under Nemelex Xobeh
  2874 | D:3      | Reached XP level 4. HP: 30/30 MP: 3/7
  2977 | D:3      | Identified the +2 scale mail of the Marlin {rF++ rC+ rN+
                  | Int+4}
  3041 | D:3      | Received a gift from Nemelex Xobeh
  3210 | D:3      | Found an opulent altar of Gozag.
  3211 | D:3      | Noticed a necrophage
  3394 | D:3      | Killed a necrophage
  3395 | D:3      | Reached XP level 5. HP: 35/35 MP: 7/10
  3779 | D:3      | Learned a level 3 spell: Conjure Flame
  4104 | D:3      | Found Ber Olec's Book Emporium.
  4241 | D:4      | Noticed Pikel
  4241 | D:4      | Noticed a lemure
  4256 | D:4      | Noticed a phantom
  4258 | D:4      | Noticed a lemure
  4278 | D:4      | Noticed a lemure
  4892 | D:3      | Noticed Pikel
  4892 | D:3      | Pikel changed into Pikel the hornet
  4895 | D:3      | Killed Pikel the hornet
  4896 | D:3      | Reached XP level 6. HP: 35/41 MP: 0/11
  5446 | D:4      | Received a gift from Nemelex Xobeh
  5461 | D:4      | Reached XP level 7. HP: 46/46 MP: 4/12
  5892 | D:4      | Reached *** piety under Nemelex Xobeh
  6521 | D:5      | Entered Level 5 of the Dungeon
  6778 | D:5      | Reached skill level 5 in Fire Magic
  6885 | D:5      | Received a gift from Nemelex Xobeh
  7127 | D:5      | Noticed Sigmund
  7309 | D:5      | Noticed Eustachio
  7319 | D:5      | Killed Eustachio
  7320 | D:5      | Reached XP level 8. HP: 48/52 MP: 5/13
  7528 | D:5      | Killed Sigmund
  7707 | D:5      | Learned a level 4 spell: Flame Wave
  7945 | D:5      | Reached **** piety under Nemelex Xobeh
  8446 | D:6      | Reached skill level 5 in Conjurations
  8483 | D:6      | Reached skill level 1 in Invocations
  8693 | D:6      | Received a gift from Nemelex Xobeh
  8836 | D:6      | Reached XP level 9. HP: 52/57 MP: 6/14
  9014 | D:6      | Identified the +11 mace of an ice cave {drain, rElec}
  9017 | D:6      | Found a staircase to the Ecumenical Temple.
  9103 | Temple   | Entered the Ecumenical Temple
  9769 | D:6      | Found a staircase to the Ecumenical Temple.
 10420 | D:7      | Identified the ring of Taklam {Fly rPois Str+3 Int-2}
 10480 | D:7      | Reached skill level 5 in Invocations
 10502 | D:7      | Noticed a six-headed hydra
 10506 | D:7      | Noticed a cyan ugly thing
 10813 | D:7      | Received a gift from Nemelex Xobeh
 11119 | D:7      | Found a sparkling altar of Nemelex Xobeh.
 11140 | D:7      | Found a transporter.
 11142 | D:7      | Found a transporter.
 11148 | D:7      | Found a bloodstained altar of Trog.
 11159 | D:7      | Noticed P0WERM0DE's ghost (novice DsCK)
 11159 | D:7      | Noticed a moth of wrath
 11161 | D:7      | Noticed a troll
 11283 | D:7      | Noticed a komodo dragon
 11291 | D:7      | Killed a komodo dragon
 11435 | D:7      | Slain by a six-headed hydra

Illustrated notes

Levels and vault maps discovered:
D:1:      dpeg_arrival_rooms_c, layout_basic, ebering_ecumenical_altar_webs,
          nicolae_shop_unique_rings
D:2:      layout_loops_cross
D:3:      layout_loops_cross, mainiacjoe_overflow_paths, serial_shops, shop
D:4:      layout_gridville, nicolae_elyvilon_peaceful_grove,
          kennysheep_nondescript, uniq_pikel
D:5:      layout_loops_corners, hangedman_decor_riveting, uniq_sigmund,
          uniq_eustachio
D:6:      layout_cave_pools, minmay_temple_entry_statues_fountains
D:7:      nzn_winding_woodlands_stair_cross
          [nzn_winding_woodlands_5x15_river_crossing,
          nzn_winding_woodlands_center_garden,
          nzn_winding_woodlands_5x15_longhouse,
          nzn_winding_woodlands_5x5_open_star,
          nzn_winding_woodlands_5x5_closed_star,
          nzn_winding_woodlands_5x15_pathside_ponds,
          nzn_winding_woodlands_center_triple_pond,
          nzn_winding_woodlands_5x15_parted], layout_gridville,
          overflow_temple_1_default, gammafunk_ghost_wrathful_warriors
Temple:   regret_index_temple_generic_petals

Skill      XL: |  1  2  3  4  5  6  7  8  9 |
---------------+----------------------------+-----
Conjurations   | 1 2 4 5 |  5.4
Fire Magic     | 3 6 7 |  7.1
Spellcasting   | 3 4 |  4.1
Invocations    | 3 7 |  7.4
Dodging        | |  2.1
Stealth        | |  3.0

Action                   |  1- 3 |  4- 6 |  7- 9 || total
-------------------------+-------+-------+-------++-------
Melee: Long sword        |     1 |     2 |       ||     3
       War axe           |       |       |     4 ||     4
       Bite              |       |       |     2 ||     2
       Halberd           |       |       |     2 ||     2
       Mace              |       |       |     1 ||     1
 Cast: Foxfire           |    93 |    89 |   192 ||   374
       Scorch            |     6 |    16 |    46 ||    68
       Conjure Flame     |       |    14 |     3 ||    17
       Flame Wave        |       |       |     7 ||     7
Invok: Draw Destruction  |     1 |     4 |     7 ||    12
       Draw Summoning    |     1 |     1 |     1 ||     3
  Use: Scroll            |     1 |     2 |     4 ||     7
 Stab: Sleeping          |     1 |     2 |     2 ||     5
Armor: Robe              |     1 |     1 |    17 ||    19
       Steam dragon scal |       |       |     7 ||     7
Dodge: Dodged            |     6 |    10 |    53 ||    69
